 Dungeon Crawl Stone Soup version 0.16.2-12-gd0ad4c3 (webtiles) character file.

368 gorblad the Skirmisher (level 6, 0/49 HPs)
             Began as a Demonspawn Abyssal Knight on Sept 14, 2015.
             Was a Priest of Lugonu.
             Killed by nerve-wracking pain
             ... invoked by an orc priest
              (9 damage)
             ... on level 4 of the Dungeon.
             The game lasted 00:15:49 (4599 turns).

gorblad the Skirmisher (Demonspawn Abyssal Knight)  Turns: 4599, Time: 00:15:50

Health: 0/49       AC: 12    Str: 15    XL:     6   Next: 41%
Magic:  10/10      EV:  7    Int: 13    God:    Lugonu [***...]
Gold:   240        SH:  0    Dex: 12    Spells: 0 memorised, 5 levels left

rFire  . . .     SeeInvis .     m - +0 flail
rCold  + . .     Clarity  .     i - +0 chain mail
rNeg   . . .     SustAb   .     (no shield)
rPois  .         Gourm    .     u - +0 helmet
rElec  .         Spirit   .     d - +0 cloak
rCorr  .         Warding  .     (no gloves)
rMut   .         Stasis   .     (no boots)
MR     .....                    (no amulet)
Stlth  ..........               (no ring)
                                (no ring)

@: not resistant to hostile enchantments, extremely unstealthy
A: molten scales 1, cold resistance 1
a: Depart the Abyss, Bend Space, Banish, Renounce Religion


You were on level 4 of the Dungeon.
You worshipped Lugonu.
Lugonu was most pleased with you.
You were not hungry.

You visited 1 branch of the dungeon, and saw 4 of its levels.
You visited the Abyss 1 time.

You collected 240 gold pieces.

Inventory:

Hand weapons
 a - a +1 mace
 m - a +0 flail (weapon)
 q - a +4 quarterstaff of chaos
 s - a +0 hammer
Missiles
 k - 8 tomahawks (quivered)
Armour
 b - a +0 leather armour
 d - a +0 cloak (worn)
 g - a +0 chain mail
 i - a +0 chain mail (worn)
 n - a +2 robe of positive energy
 p - a +0 scale mail
 r - a +1 animal skin
 t - a +0 cloak
 u - a +0 helmet (worn)
Magical devices
 e - a wand of slowing (10)
Scrolls
 j - a scroll of enchant armour
 l - a scroll of remove curse
Potions
 h - a potion of curing
Comestibles
 c - 3 bread rations
 f - 3 meat rations
 o - a beef jerky
 v - a chunk of flesh


   Skills:
 + Level 4.6 Fighting
 + Level 3.0 Maces & Flails
 + Level 0.3 Throwing
 + Level 3.5 Armour
 + Level 2.2 Dodging
 + Level 1.1 Stealth
 + Level 3.3 Invocations


You had 5 spell levels left.
You didn't know any spells.

Dungeon Overview and Level Annotations

Branches:
Dungeon (4/15)
 Temple: D:4-7

Altars:
Dithmenos


Innate Abilities, Weirdness & Mutations

You are partially covered in molten scales (AC +1).
Your flesh is cold resistant.


Message History

The orc priest misses you.
The orc priest calls down the wrath of Beogh upon you.
Pain shoots through your body!
You hit the orc priest but do no damage.
The orc priest is moderately wounded.
The orc priest hits you but does no damage.
The orc priest calls down the wrath of Beogh upon you.
Something smites you!
* * * LOW HITPOINT WARNING * * *
You are too injured to fight recklessly!
You are too injured to fight recklessly!
You are too injured to fight recklessly!
You are too injured to fight recklessly!
You are too injured to fight recklessly!
Drink which item? (? for menu, Esc to quit)
You feel better.
The orc priest hits you but does no damage.
The orc priest calls down the wrath of Beogh upon you.
Pain shoots through your body!
You die...

≈≈≈# .# ≈≈≈# .# #≈≈≈##.## ##
###### #≈≈≈#..### ..........#
#≈≈≈#...# ........[.#
###########≈≈≈# .%.........#
............≈≈#####...........#
...........<....o#............#
............####@o...<......oo###
...........## #.###......o.h.<..
....#.>.).## ...# ..########..
##.##...### #.### #. #. ###..# #.
. . ##.# . . .# .. .. . ##.


You could see 2 orc priests.

Vanquished Creatures
  2 orc priests
  Crazy Yiuf (D:3)
  An iguana (D:3)
  2 orc wizards (D:3)
  Robin (D:3)
  6 adders
  2 giant mites
  6 worms
  5 giant geckos
  2 oozes
  8 orcs
  2 ball pythons (D:2)
  17 bats
  5 giant cockroaches
  12 hobgoblins
  3 jackals (D:1)
  10 kobolds
  3 giant newts
  18 goblins
  A quokka skeleton (D:3)
  9 rats
  5 fungi (D:3)
121 creatures vanquished.

Notes
Turn   | Place    | Note
--------------------------------------------------------------
     0 | Abyss:1  | gorblad, the Demonspawn Abyssal Knight, began the quest for the Orb.
     0 | Abyss:1  | Reached XP level 1. HP: 18/18 MP: 1/1
    64 | Abyss:1  | Noticed a tentacled starspawn
    66 | D:1      | Escaped the Abyss
   191 | D:1      | Acquired Lugonu's first power
   336 | D:1      | Gained mutation: Your flesh is cold resistant. [demonic ancestry]
   336 | D:1      | Reached XP level 2. HP: 17/24 MP: 2/2
   711 | D:1      | Reached skill level 1 in Dodging
   753 | D:1      | Reached XP level 3. HP: 20/29 MP: 5/5
  1318 | D:2      | Reached XP level 4. HP: 28/37 MP: 7/7
  1364 | D:2      | Acquired Lugonu's second power
  2038 | D:2      | Reached skill level 4 in Fighting
  2261 | D:3      | Gained mutation: You are partially covered in molten scales (AC +1). [demonic ancestry]
  2261 | D:3      | Reached XP level 5. HP: 23/42 MP: 8/8
  2282 | D:3      | Noticed Robin
  2888 | D:3      | Acquired Lugonu's third power
  2918 | D:3      | Reached skill level 1 in Stealth
  3203 | D:3      | Reached XP level 6. HP: 22/48 MP: 10/10
  3533 | D:3      | Killed Robin
  4117 | D:3      | Found a shadowy altar of Dithmenos.
  4314 | D:3      | Noticed Crazy Yiuf
  4348 | D:3      | Killed Crazy Yiuf
  4598 | D:4      | HP: 2/49 [orc priest/divine providence (15)]
  4599 | D:4      | Killed from afar by an orc priest

Action                   |  1- 3 |  4- 6 || total
-------------------------+-------+-------++-------
Melee: Mace              |   149 |   190 ||   339
       Flail             |       |   203 ||   203
Throw: Tomahawk          |     7 |    19 ||    26
Invok: Depart the Abyss  |     1 |       ||     1
  Use: Scroll            |     3 |     4 ||     7
       Potion            |       |     4 ||     4
 Stab: Invisible         |       |     2 ||     2
  Eat: Chunk             |     2 |     2 ||     4
       Meat ration       |       |     2 ||     2
